 Dungeon Crawl Stone Soup version 0.28-a0-1182-g381e24db82 (webtiles) character file.

Game seed: 110165731842807810

477 bande the Chopper (level 7, 0/44 HPs)
             Began as a Gargoyle Fighter on Dec 16, 2021.
             Slain by Edmund (2 damage)
             ... on level 4 of the Dungeon.
             The game lasted 00:06:01 (4962 turns).

bande the Chopper (Gargoyle Fighter)                Turns: 4962, Time: 00:06:02

Health: 0/44       AC: 19    Str: 20    XL:     7   Next: 11%
Magic:  7/7        EV:  6    Int: 14    God:
Gold:   173        SH:  4    Dex: 11    Spells: 6/6 levels left

rFire   + . .      SeeInvis .   a - +0 war axe
rCold   + + .      Faith    .   c - +0 buckler
rNeg    + . .      Spirit   .   f - +1 plate armour
rPois   ∞          Reflect  .   (no helmet)
rElec   +          Harm     .   p - +0 cloak
rCorr   +          Rampage  .   (no gloves)
Will    .....                   (no boots)
Stlth   ..........              (no amulet)
HPRegen 0.14/turn               e - +6 ring of intelligence
MPRegen 0.10/turn               h - ring of protection from cold

@: resistant
A: sickness immunity, AC +4, negative energy resistance 1, electricity
resistance, torment resistance 1, petrification resistance
a: no special abilities


You were on level 4 of the Dungeon.
You visited 1 branch of the dungeon, and saw 4 of its levels.

You collected 173 gold pieces.

Inventory:

Hand Weapons
 a - a +0 war axe (weapon)
 k - a +0 broad axe
Armour
 c - a +0 buckler (worn)
 f - a +1 plate armour (worn)
 p - a +0 cloak (worn)
Jewellery
 e - a +6 ring of intelligence (left hand)
 g - a ring of ice
 h - a ring of protection from cold (right hand)
Scrolls
 b - a scroll of enchant armour
 j - a scroll of teleportation
Potions
 i - a potion of magic
 l - a potion of cancellation
 m - a potion of brilliance


   Skills:
 + Level 4.6 Fighting
 + Level 4.9 Axes
 + Level 4.8 Armour
 + Level 4.3 Shields


You had 6 spell levels left.
You didn't know any spells.
Your spell library was empty.

Dungeon Overview and Level Annotations

Branches:
Dungeon (4/15)
 Temple: D:4-7

Altars:
Sif Muna

Annotations:
D:4 Edmund


Innate Abilities, Weirdness & Mutations

You are immune to sickness and miasma.
Your stone body is resilient. (AC +4)
You are immune to poison.
You resist negative energy. (rN+)
You are resistant to electric shocks. (rElec)
You are resistant to unholy torment.
You are immune to petrification.


Message History

Edmund hits you but does no damage. x2
You hit Edmund.
Edmund is moderately wounded.
Edmund hits you but does no damage.
You closely miss Edmund.
Edmund is moderately wounded.
Edmund hits you but does no damage.
You closely miss Edmund.
Edmund is moderately wounded.
Edmund hits you with a +0 flail of protection!
You barely miss Edmund.
Edmund is moderately wounded.
Edmund hits you but does no damage.
Your plate armour prevents you from hitting Edmund.
Edmund is moderately wounded.
You block Edmund's attack.
Edmund hits you with a +0 flail of protection!
* * * LOW HITPOINT WARNING * * *
You completely miss Edmund.
Edmund is moderately wounded.
Edmund hits you with a +0 flail of protection.
* * * LOW HITPOINT WARNING * * *
You hit Edmund but do no damage.
Edmund is moderately wounded.
Edmund hits you but does no damage.
It was a potion of resistance.
You feel protected. Edmund hits you but does no damage.
You closely miss Edmund.
Edmund is moderately wounded.
Edmund hits you with a +0 flail of protection.
* * * LOW HITPOINT WARNING * * *
Edmund barely misses you.
You barely miss Edmund.
Edmund is moderately wounded.
Edmund barely misses you.
You hit Edmund but do no damage.
Edmund is moderately wounded.
Edmund hits you with a +0 flail of protection.
You die...

#.##.#.###.## ..##.#.#
.# ### ### ..# .... #.#
....# #.# #... #.. #@#
#..# ## #.# #### #@#
#..# #. >.. .....##.#
#..# #. #.#
#......###..####.# #.#
#...#............###.#
..........[..#####....##
##............)......!..
#........>...####>######
...!##.########.....#
##.. #. ###.#.#.####


You could see Edmund.

Vanquished Creatures
  An ogre (D:4)
  A bullfrog (D:4)
  A water moccasin skeleton (D:3)
  A bullfrog zombie (D:3)
  Crazy Yiuf (D:3)
  An orc priest (D:4)
  Natasha (D:4)
  2 orc wizards (D:4)
  2 worms (D:4)
  3 dart slugs
  4 orcs
  10 endoplasms
  6 giant cockroaches
  7 goblins
  12 hobgoblins
  8 jackals
  10 kobolds
  3 quokkas
  7 ball pythons
  9 bats
  6 frilled lizards
  7 rats
103 creatures vanquished.

Notes
Turn   | Place    | Note
-------+----------+-------------------------------------------
     0 | D:1      | bande the Gargoyle Fighter began the quest for the Orb.
     0 | D:1      | Reached XP level 1. HP: 14/14 MP: 1/1
   652 | D:1      | Reached XP level 2. HP: 19/19 MP: 2/2
  1005 | D:1      | Found a faded altar of an unknown god.
  1035 | D:1      | Reached XP level 3. HP: 19/23 MP: 3/3
  2152 | D:2      | Reached XP level 4. HP: 29/29 MP: 4/4
  2859 | D:3      | Reached XP level 5. HP: 22/33 MP: 5/5
  3075 | D:3      | Found a runed translucent door.
  3076 | D:3      | Noticed Crazy Yiuf
  3120 | D:3      | Found a shimmering blue altar of Sif Muna.
  3654 | D:3      | Killed Crazy Yiuf
  3786 | D:4      | Reached XP level 6. HP: 38/38 MP: 6/6
  3900 | D:4      | Noticed Natasha
  3919 | D:4      | Killed Natasha
  4511 | D:4      | Reached XP level 7. HP: 20/44 MP: 7/7
  4931 | D:4      | Noticed Edmund
  4960 | D:4      | HP: 2/44 [Edmund (3)]
  4962 | D:4      | Slain by Edmund

Illustrated notes

Levels and vault maps discovered:
D:1:      grunt_arrival_crossed_arrows, layout_loops_corners,
          nicolae_ecumenical_snake_handling
D:2:      layout_loops_corners, minmay_three_crescents
D:3:      layout_loops_ring, mainiacjoe_overflow_brackets,
          guppyfry_early_orc_mine, uniq_crazy_yiuf_cottage
D:4:      layout_loops_ring, tgw_kikubaaqudgha, uniq_natasha, uniq_edmund,
          uniq_grinder

Skill      XL: |  1  2  3  4  5 |
---------------+----------------+-----
Axes           | 2 3 4 |  4.9
Armour         | 4 |  4.8
Fighting       | 4 |  4.6
Shields        | 4 |  4.3

Action                   |  1- 3 |  4- 6 |  7- 9 || total
-------------------------+-------+-------+-------++-------
Melee: War axe           |    97 |   197 |    33 ||   327
  Use: Scroll            |     4 |     6 |       ||    10
       Potion            |       |     4 |     1 ||     5
Armor: Scale mail        |     8 |       |       ||     8
       Plate armour      |    83 |   158 |    19 ||   260
Dodge: Dodged            |    32 |    67 |    10 ||   109
Block: Buckler           |    15 |    43 |     4 ||    62

Table legend: (Time is in decaauts)
 A = Elapsed time spent in this place.
 B = Non-inter-level travel time spent in this place.
 C = Inter-level travel time spent in this place.
 D = Time resting spent in this place.
 E = Time spent auto-exploring this place.
 F = Levels seen in this place.
 G = Mean time per level.
                   A        B        C        D        E       F      G
               +--------+--------+--------+--------+--------+-----+--------+
         Total |   5062 |   5038 |     24 |   1282 |   2903 |   4 | 1265.5 |
       Dungeon |   5062 |   5038 |     24 |   1282 |   2903 |   4 | 1265.5 |
               +--------+--------+--------+--------+--------+-----+--------+

Top non-repeatable levels by time:
     D:1: 1788 daAuts
     D:4: 1225 daAuts
     D:3: 1068 daAuts
     D:2: 980 daAuts
